 Dungeon Crawl Stone Soup version 0.19.1 (webtiles) character file.

39 balthal the Bolt Thrower (level 3, 0/28 HPs)
             Began as a Centaur Arcane Marksman on Dec 16, 2016.
             Slain by a giant cockroach (1 damage)
             ... on level 2 of the Dungeon.
             The game lasted 00:02:09 (947 turns).

balthal the Bolt Thrower (Centaur Arcane Marksman)   Turns: 947, Time: 00:02:09

Health: 0/28       AC:  4    Str: 17 (19) XL:     3   Next: 26%
Magic:  4/4        EV: 15    Int:  9 (12) God:
Gold:   88         SH:  0    Dex: 11 (13) Spells: 2 memorised, 1 level left

rFire  . . .     SeeInvis .     l - +5 hand axe
rCold  . . .     Gourm    .     e - +0 robe
rNeg   . . .     Faith    .     (no shield)
rPois  .         Spirit   .     (no helmet)
rElec  .         Reflect  .     (no cloak)
rCorr  .         Harm     .     (no gloves)
MR     .....                    (no barding)
Stlth  ++........               (no amulet)
                                (no ring)
                                (no ring)

@: mighty, agile, lethally poisoned (0 -> -4), very quick
A: hooves 3, deformed body, speed 2, tough skin 3
a: no special abilities


You were on level 2 of the Dungeon.
You were not hungry.

You visited 1 branch of the dungeon, and saw 2 of its levels.

You collected 88 gold pieces.

Inventory:

Hand Weapons
 a - a +0 hand crossbow
 l - a +5 hand axe (weapon)
Missiles
 d - 24 bolts
Armour
 e - a +0 robe (worn)
Scrolls
 g - 2 scrolls of teleportation {unknown}
 m - a scroll of noise {unknown}
 n - a scroll of enchant armour {unknown}
Books
 c - a book of Debilitation

   Spells                             Type                      Level
   a - Corona                         Hexes                        1
   b - Slow                           Hexes                        2
   c - Gell's Gravitas                Hexes/Translocation          3
   d - Inner Flame                    Hexes/Fire                   3
   e - Cause Fear                     Hexes                        4
   f - Leda's Liquefaction            Hexes/Earth                  4
Comestibles
 b - a slice of pizza
 f - a bread ration


   Skills:
 + Level 1.3 Fighting
 + Level 3.2 Crossbows
 + Level 1.5 Dodging
 + Level 0.1 Stealth
 + Level 1.0 Spellcasting
 + Level 3.1 Hexes


You had one spell level left.
You knew the following spells:

 Your Spells              Type           Power        Failure   Level  Hunger
a - Corona                Hex            #......      12%         1    ##.....
b - Slow                  Hex            #.......     17%         2    ###....


Dungeon Overview and Level Annotations

Branches:
Dungeon (2/15)

Altars:


Innate Abilities, Weirdness & Mutations

You have hooves in place of feet.
Armour fits poorly on your strangely shaped body.
You cover ground very quickly.
You have extremely tough skin. (AC +3)


Message History

You have reached level 3!
Your experience leads to an increase in your attributes!
Your base attributes are Str 13, Int 12, Dex 8.
Increase (S)trength, (I)ntelligence, or (D)exterity?
You feel stronger.
You barely miss the giant cockroach.
The giant cockroach completely misses you.
The jackal misses you.
The giant cockroach bites you but does no damage.
You slash the jackal!
You kill the jackal!
You closely miss the giant cockroach.
* * * LOW HITPOINT WARNING * * *
You feel sick. The giant cockroach misses you. The jackal barely misses you.
The giant cockroach bites you but does no damage.
You closely miss the jackal. Your kick misses the jackal.
You closely miss the giant cockroach.
The jackal bites you but does no damage.
The giant cockroach bites you.
You die...

##### #h@.##
#ls#..#
..w.###.#######
....##
##.......## ...
##.........##
..
#...........# .
#...........#
#...........#
##..<......##


You could see a dart slug, a jackal, a giant cockroach and a frilled lizard.

Vanquished Creatures
  An adder (D:2)
  2 dart slugs (D:1)
  2 leopard geckos (D:1)
  2 goblins (D:1)
  4 hobgoblins (D:1)
  A jackal (D:2)
  2 bats (D:1)
  4 frilled lizards (D:1)
  3 kobolds
  4 rats (D:1)
25 creatures vanquished.

Notes
Turn   | Place    | Note
-------+----------+-------------------------------------------
     0 | D:1      | balthal the Centaur Arcane Marksman began the quest for the Orb.
     0 | D:1      | Reached XP level 1. HP: 16/16 MP: 2/2
   295 | D:1      | Reached XP level 2. HP: 20/23 MP: 3/3
   871 | D:1      | Learned a level 2 spell: Slow
   945 | D:2      | Reached XP level 3. HP: 2/28 MP: 4/4
   946 | D:2      | HP: 1/28 [poisoned by an adder]
   947 | D:2      | Slain by a giant cockroach

Skill      XL: |  1  2 |
---------------+-------+-----
Hexes          | 3 |  3.1
Crossbows      | 3 |  3.2
Fighting       | |  1.3
Dodging        | |  1.5
Stealth        | |  0.1
Spellcasting   | |  1.0

Action                   || total
-------------------------++-------
Melee: Hand axe          ||     3
 Fire: Hand crossbow     ||    56
 Cast: Corona            ||     2
       Slow              ||     1
  Use: Potion            ||     4
Armor: Robe              ||    13
Dodge: Dodged            ||    23
